 Dungeon Crawl Stone Soup version 0.30-a0-1053-gbd8d5ba0ad (webtiles) character file.

Game seed: 17537446779693322174

34318 cforsyth the Summoner (level 13, -11/96 HPs)
             Began as an Octopode Summoner on Apr 11, 2023.
             Was an Initiate of Gozag.
             Mangled by Rupert
             ... wielding a +2 triple sword of holy wrath
              (35 damage)
             ... on level 4 of the Lair of Beasts.
             The game lasted 00:42:57 (20973 turns).

cforsyth the Summoner (Octopode Summoner)          Turns: 20973, Time: 00:42:58

Health: -11/96     AC:  9    Str: 20    XL:     13   Next: 76%
Magic:  4/27       EV: 18    Int: 22    God:    Gozag
Gold:   1094       SH:  5    Dex: 12    Spells: 20/33 levels left

rFire   . . .      SeeInvis +    (no weapon)
rCold   . . .      Faith    .    (no shield)
rNeg    . . .      Spirit   .    (helmet restricted)
rPois   .          Reflect  +    z - amulet of reflection
rElec   .          Rampage  .    r - +6 ring of strength
rCorr   .                        i - +6 ring of strength
Will    .....                    D - ring of see invisible
Stlth   +++                      F - +4 ring of protection
HPRegen 0.36/turn                I - +4 ring of protection
MPRegen 0.20/turn                Q - ring of wizardry
                                 (no ring)
                                 (no ring)

@: gold aura
A: almost no armour, amphibious, 8 rings, camouflage 1, gelatinous body 1,
(nimble swimmer 1), tentacles
a: Renounce Religion, Potion Petition, Call Merchant, Bribe Branch


You were on level 4 of the Lair of Beasts.
You worshipped Gozag.
Gozag was most pleased with you.
You visited 2 branches of the dungeon, and saw 16 of its levels.
You also visited: Sewer and Bailey.

You collected 3283 gold pieces.
You paid 2189 gold pieces to Gozag.

Inventory:

Missiles
 K - 7 throwing nets
Jewellery
 i - a +6 ring of strength (right tentacle)
 r - a +6 ring of strength (left tentacle)
 s - a ring of fire
 z - an amulet of reflection (around mantle)
 D - a ring of see invisible (on tentacle)
 F - a +4 ring of protection (on tentacle)
 I - a +4 ring of protection (on tentacle)
 Q - a ring of wizardry (on tentacle)
Wands
 x - a wand of roots (18)
 y - a wand of mindburst (36)
 C - a wand of paralysis (11)
 G - a wand of flame (18)
 H - a wand of polymorph (17)
 O - a wand of digging (6)
Scrolls
 b - 6 scrolls of enchant weapon
 c - 8 scrolls of teleportation
 d - 2 scrolls of poison
 e - 9 scrolls of enchant armour
 h - 3 scrolls of magic mapping
 l - 6 scrolls of noise {unknown}
 p - 4 scrolls of fear {unknown}
 q - 6 scrolls of blinking {unknown}
 t - a scroll of summoning
 u - 3 scrolls of fog {unknown}
 A - a scroll of silence
 J - 2 scrolls of amnesia
 N - a scroll of brand weapon
 R - a scroll of immolation
Potions
 a - 5 potions of magic
 f - 5 potions of curing
 g - 6 potions of heal wounds
 j - 2 potions of cancellation
 k - 4 potions of lignification
 m - 4 potions of attraction
 n - 6 potions of mutation
 o - 6 potions of haste
 v - 2 potions of brilliance
 w - 2 potions of ambrosia
 B - a potion of berserk rage
 E - 5 potions of flight
 L - a potion of resistance
 M - a potion of invisibility


   Skills:
 + Level 11.8 Fighting
 + Level 12.0 Dodging
 - Level 2.6 Stealth
 - Level 10.5 Spellcasting
 - Level 3.0 Hexes
 - Level 12.0 Summonings
 - Level 3.0 Air Magic


You had 20 spell levels left.
You knew the following spells:

 Your Spells              Type           Power      Damage    Failure   Level
a - Summon Small Mammal   Summ           100%       N/A       1%          1
b - Call Imp              Summ           100%       N/A       1%          2
c - Call Canine Familiar  Summ           59%        N/A       1%          3
d - Summon Guardian Gole  Hex/Summ       44%        N/A       1%          3
e - Summon Lightning Spi  Summ/Air       44%        N/A       1%          4

Your spell library contained the following spells:

 Spells                   Type           Power      Damage    Failure   Level
 Summon Ice Beast         Ice/Summ       38%        N/A       1%          4
 Freeze                   Ice            44%        1d6       2%          1
 Sublimation of Blood     Necr           11%        N/A       3%          2
 Portal Projectile        Hex/Tloc       36%        N/A       4%          3
 Frozen Ramparts          Ice            22%        1d4       7%          3
 Hailstorm                Conj/Ice       11%        3d5       7%          3
 Cause Fear               Hex            12%        N/A       7%          4
 Anguish                  Hex/Necr       9%         N/A       12%         4
 Leda's Liquefaction      Hex/Erth       9%         N/A       12%         4
 Ice Form                 Ice/Tmut       11%        N/A       22%         4
 Manifold Assault         Tloc           11%        N/A       22%         4
 Petrify                  Tmut/Erth      11%        N/A       22%         4
 Irradiate                Conj/Tmut      5%         3d13      52%         5
 Lee's Rapid Deconstruct  Erth           5%         3d6*      52%         5
 Dispersal                Tloc           5%         N/A       96%         6
 Statue Form              Tmut/Erth      7%         N/A       96%         6
 Enfeeble                 Hex            12%        N/A       99%         7
 Disjunction              Tloc           5%         N/A       100%        8


Dungeon Overview and Level Annotations

Branches:
Dungeon (12/15)            Temple (0/1) D:5            Lair (4/5) D:11
 Shoals (0/4) Lair:3       Spider (0/4) Lair:3          Orc (0/2) D:12
  Sewer (visited)          Bailey (visited)
  Slime: Lair:4-5

Altars:
Ashenzari
Fedhas
Gozag
Hepliaklqana
Nemelex Xobeh
Okawaru
Qazlal
Ru
Vehumet
Xom
The Shining One

Shops:
D:10 ?   D:12 [[   Lair:1 ?=*

Annotations:
D:3 2 transporters, NateTC's ghost, amateur DrFi
D:4 1 runed translucent door, ThatPearl's ghost, amateur HOMo
D:7 4 transporters, bobo's ghost, novice DrTm
Lair:4 Rupert


Innate Abilities, Weirdness & Mutations

You cannot wear most types of armour.
You are amphibious.
You can wear up to eight rings at the same time.
Your skin changes colour to match your surroundings (Stealth+).
Your rubbery body absorbs attacks. (AC +1, EV +1)
((You are camouflaged when in or above water. (Stealth+)))
You have tentacles for arms and can constrict up to eight enemies at once.


Message History

The fiery explosion engulfs Rupert!!
Your cerulean imp is engulfed in blazing flames.
Your cerulean imp dies!
Your cerulean imp disappears in a puff of smoke!
Rupert is engulfed in blazing flames.
Your Dodging skill increases to level 12!
Casting: Summon Small Mammal (safe; 1% risk of failure)
Confirm with . or Enter, or press ? or * to list all spells.
A guardian golem appears, shielding your allies.
The yak closely misses you.
Your quokka bites the yak but does no damage.
Rupert attacks as you move away!
Rupert hits you with a +2 triple sword of holy wrath!!
The yak gores your quokka!
Your quokka dies!
Your quokka's corpse disappears in a puff of smoke!
Rupert hits you with a +2 triple sword of holy wrath!!
* * * LOW HITPOINT WARNING * * *
The yak bellows!
Unknown command.
Unknown command.
Rupert is distracted by your dazzling golden aura.
Okay, then.
Unknown command.
Rupert is no longer distracted by gold.
Rupert hits your guardian golem with a +2 triple sword of holy wrath!!!
Your guardian golem overheats!
Rupert hits your guardian golem with a +2 triple sword of holy wrath!!!
Your guardian golem disappears in a puff of smoke!
Your guardian golem explodes!
The fiery explosion engulfs the yak!!
The yak dies!
The fiery explosion engulfs Rupert!!!
As you read the scroll of summoning, it crumbles to dust.
Wisps of shadow whirl around you...
Rupert is engulfed in blazing flames.
Rupert rages.
Rupert is engulfed in blazing flames.
Rupert hits you with a +2 triple sword of holy wrath!!
You die...
Your body crumbles into a pile of gold.

###.#..#.........## ...P.
#.##P#..........##...##
.P.P#
#.....#........####.○###
....
##.#....##...####$$#.## .[
#........##..##.#.$$..#
#..#
#.....##...###.#§.§.....##
..# #.#...
####.#..#§.§..§§.###..#
#.... ###..@$§#.$$##...P#
##... ##@F....☼.##...#
..P. .......FF......#..###
####.
....................# ..
...............#...#####
...................##..#
.....P..................
..#.####.........#.#..>.
#### ###.[......#.....
#....##..#.#...


You could see Rupert (berserk, ally target) and 3 friendly cane toads.

Vanquished Creatures
  A shadow (D:11)
  A water moccasin (Lair:1)
  An orc warrior (D:10)
  2 centaurs (D:12)
  3 bullfrogs
  A wight (D:8)
  A killer bee (D:9)
  A sleepcap (D:6)
  4 adders
  2 dart slugs
  An orc (D:3)
  5 ball pythons
  3 giant cockroaches
  4 goblins
  A hobgoblin (D:1)
  2 jackals (D:3)
  A quokka (D:1)
  4 bats
  A frilled lizard (Sewer)
  2 kobolds
  5 rats
46 creatures vanquished.

Vanquished Creatures (collateral kills)
  2 hydras
  Erolcha (D:11)
  3 death yaks (Lair:4)
  Nergalle (Lair:3)
  A skyshark (Lair:3)
  Amaemon (Lair:3)
  An orc knight (Bailey)
  2 cyclopes (D:12)
  A manticore (D:12)
  2 elephants (Lair:2)
  Maurice (D:8)
  A gargoyle (D:11)
  2 black mambas
  A rime drake (Lair:2)
  7 komodo dragons
  A polar bear (Lair:1)
  2 trolls
  A hornet (D:9)
  2 blink frogs (Lair:2)
  2 shadows
  A wyvern (D:9)
  3 wraiths
  Eustachio (D:5)
  5 basilisks
  22 yaks
  2 vampire mosquitoes (D:12)
  3 hogs (Lair:4)
  A redback (Lair:3)
  4 water moccasins
  2 ice beasts
  A black bear (D:4)
  9 orc warriors
  5 wolves (Lair:3)
  An ogre (D:5)
  7 centaurs
  A phantom (D:4)
  9 bullfrogs
  A gnoll sergeant (D:10)
  A scorpion (D:5)
  6 wights
  11 killer bees
  3 howler monkeys (D:10)
  An electric eel (Lair:1)
  3 hounds
  3 jellies
  5 orc priests
  Ijyb (D:5)
  2 gnoll boudas
  Natasha (twice) (D:2)
  3 iguanas
  7 orc wizards
  19 gnolls
  4 adders
  3 river rats (Sewer)
  A shadow imp (D:7)
  2 white imps
  3 ufetubi
  A dart slug (D:2)
  26 orcs
  7 endoplasms
  5 giant cockroaches
  3 goblins
  7 hobgoblins
  2 jackals (D:3)
  2 kobolds (D:3)
  4 quokkas
  8 ball pythons
  3 bats
  A frilled lizard (Sewer)
  25 rats
287 creatures vanquished.

Vanquished Creatures (others)
  Kirke (Lair:4)
  Harold (Lair:2)
  3 death yaks (Lair:4)
  A skyshark (Lair:4)
  A cyclops (D:11)
  An elephant (Lair:2)
  A black mamba (Lair:3)
  An orange demon (Lair:3)
  2 cane toads
  A gargoyle (D:11)
  A komodo dragon (Lair:1)
  3 trolls
  A blink frog (Lair:2)
  A jumping spider (Lair:3)
  A wyvern (Lair:3)
  17 yaks
  A human (Lair:4)
  A vampire mosquito (D:12)
  A water moccasin (Lair:4)
  An acid dragon (D:10)
  3 orc warriors (Bailey)
  A centaur (Lair:3)
  A bullfrog (Lair:3)
  A killer bee (D:9)
  A gnoll (D:10)
  4 orcs (Bailey)
  15 fungi
  21 plants
88 creatures vanquished.

Grand Total: 421 creatures vanquished

Notes
Turn   | Place    | Note
-------+----------+-------------------------------------------
     0 | D:1      | cforsyth the Octopode Summoner began the quest for the Orb.
     0 | D:1      | Reached XP level 1. HP: 11/11 MP: 3/3
   195 | D:1      | Reached XP level 2. HP: 12/17 MP: 3/5
   590 | D:1      | Reached XP level 3. HP: 21/21 MP: 3/6
   800 | D:1      | Learned a level 2 spell: Call Imp
   804 | D:1      | Learned a level 3 spell: Call Canine Familiar
  1557 | D:2      | Noticed Natasha
  1566 | D:2      | Killed Natasha
  1567 | D:2      | Reached XP level 4. HP: 27/27 MP: 0/8
  1705 | D:2      | Noticed Natasha
  1718 | D:2      | Killed Natasha
  1719 | D:2      | Reached skill level 5 in Summonings
  1721 | D:2      | Found a faded altar of an unknown god.
  2068 | D:3      | Found a hazy altar of Hepliaklqana.
  2106 | D:3      | Found a glowing drain.
  2111 | Sewer    | Entered a sewer
  2161 | Sewer    | Reached XP level 5. HP: 6/31 MP: 8/10
  2707 | Sewer    | Reached XP level 6. HP: 12/36 MP: 2/12
  3052 | D:3      | Found a transporter.
  3055 | D:3      | Noticed NateTC's ghost (amateur DrFi)
  3168 | D:3      | Found a shimmering altar of Xom.
  3298 | D:3      | Found a transporter.
  4040 | D:4      | Found an opulent altar of Gozag.
  4046 | D:4      | Reached XP level 7. HP: 41/41 MP: 6/14
  4055 | D:4      | Reached skill level 5 in Spellcasting
  4064 | D:4      | Became a worshipper of Gozag Ym Sagoz the Greedy
  4453 | D:4      | Found a runed translucent door.
  4457 | D:4      | Noticed ThatPearl's ghost (amateur HOMo)
  4915 | D:5      | Entered Level 5 of the Dungeon
  4920 | D:5      | Found a staircase to the Ecumenical Temple.
  5184 | D:5      | Reached XP level 8. HP: 46/46 MP: 12/17
  5188 | D:5      | Learned a level 3 spell: Summon Guardian Golem
  5193 | D:5      | Learned a level 4 spell: Summon Lightning Spire
  5228 | D:5      | Noticed Eustachio
  5242 | D:5      | Killed Eustachio
  5243 | D:5      | Reached skill level 1 in Hexes
  5243 | D:5      | Reached skill level 1 in Air Magic
  5465 | D:5      | Found a broken altar of Ashenzari.
  5524 | D:5      | Noticed Ijyb
  5544 | D:5      | Killed Ijyb
  5681 | D:5      | Found a blossoming altar of Fedhas.
  6252 | D:6      | You fall into a shaft and drop 2 floors!
  6575 | D:8      | Reached XP level 9. HP: 31/51 MP: 13/19
  6697 | D:8      | Found an iron altar of Okawaru.
  6956 | D:8      | Noticed Maurice
  7034 | D:8      | Killed Maurice
  7299 | D:8      | Noticed a troll
  7306 | D:8      | Killed a troll
  7862 | D:7      | Found a transporter.
  7875 | D:7      | Found a transporter.
  7878 | D:7      | Noticed a kobold demonologist
  7905 | D:7      | Reached skill level 10 in Summonings
  8030 | D:7      | Reached XP level 10. HP: 56/56 MP: 19/22
  8445 | D:7      | Found a transporter.
  8450 | D:7      | Found a transporter.
  8451 | D:7      | Noticed bobo's ghost (novice DrTm)
  8978 | D:9      | Identified the +5 hand axe "Ugauzos" {flame, Str+3}
  9022 | D:9      | Found a sacrificial altar of Ru.
  9022 | D:9      | Found a sparkling altar of Nemelex Xobeh.
  9395 | D:9      | Found a glowing golden altar of the Shining One.
  9731 | D:9      | Found a radiant altar of Vehumet.
  9890 | D:10     | Entered Level 10 of the Dungeon
  9890 | D:10     | Found the +0 toga "Victory" {*Victory Clar}
  9997 | D:10     | Found a flagged portal.
 10006 | Bailey   | Entered a bailey
 10217 | Bailey   | Reached skill level 10 in Spellcasting
 10372 | Bailey   | Noticed an orc knight
 10393 | Bailey   | Killed an orc knight
 10526 | Bailey   | Reached XP level 11. HP: 61/61 MP: 17/25
 10974 | D:10     | Reached skill level 1 in Fighting
 11145 | D:10     | Found Alojin's Magic Scroll Boutique.
 11646 | D:11     | Noticed Erolcha
 11655 | D:11     | Killed Erolcha
 11735 | D:11     | Noticed a cyclops
 11744 | D:11     | Killed a cyclops
 11842 | D:11     | Found a staircase to the Lair.
 12428 | D:11     | Found a burning altar of Makhleb.
 12431 | D:11     | Found a burning altar of Makhleb.
 12431 | D:11     | Found a stormy altar of Qazlal.
 12433 | D:11     | Found a glowing golden altar of the Shining One.
 12433 | D:11     | Found a shimmering altar of Xom.
 12433 | D:11     | Found an opulent altar of Gozag.
 12443 | D:11     | Reached skill level 5 in Dodging
 13895 | D:12     | Found Xuneoje's Antique Armour Boutique.
 13979 | D:12     | Reached skill level 5 in Fighting
 14076 | D:12     | Found Viryre's Antique Armour Shoppe.
 14151 | D:12     | Noticed a cyclops
 14163 | D:12     | Killed a cyclops
 14255 | D:12     | Found a staircase to the Orcish Mines.
 14438 | D:12     | Noticed a cyclops
 14448 | D:12     | Killed a cyclops
 14610 | D:12     | Noticed a manticore
 14617 | D:12     | Killed a manticore
 14784 | Lair:1   | Entered Level 1 of the Lair of Beasts
 15245 | Lair:1   | Reached XP level 12. HP: 60/80 MP: 16/26
 16534 | Lair:2   | Noticed an eight-headed hydra
 16545 | Lair:2   | Killed an eight-headed hydra
 17058 | Lair:2   | Noticed Harold
 17102 | Lair:2   | Killed Harold
 17903 | Lair:3   | Noticed Amaemon
 17920 | Lair:3   | Reached skill level 10 in Dodging
 17930 | Lair:3   | Reached XP level 13. HP: 27/92 MP: 7/27
 17935 | Lair:3   | Killed Amaemon
 17936 | Lair:3   | Reached skill level 10 in Fighting
 17965 | Lair:3   | Noticed Nergalle
 18237 | Lair:3   | Killed Nergalle
 18706 | Lair:3   | Found a staircase to the Shoals.
 19642 | Lair:3   | Found a hole to the Spider Nest.
 19969 | Lair:4   | Noticed Kirke
 20013 | Lair:4   | Killed Kirke
 20680 | Lair:4   | Noticed Rupert
 20973 | Lair:4   | Mangled by Rupert

Illustrated notes

Levels and vault maps discovered:
D:1:      giann_horns, layout_basic, nicolae_concentric_dashed_squares_mild
D:2:      layout_basic, ebering_ecumenical_altar_rust, uniq_natasha
D:3:      layout_basic, mainiacjoe_overflow_catwalk,
          nicolae_overflow_hidden_temple, portal_sewer_entry_e,
          gammafunk_ghost_mausoleum
D:4:      layout_basic, overflow_temple_1_default, ebering_ghost_reflecting_pool
D:5:      layout_basic, ashenzari_conservatory_becter,
          mainiacjoe_overflow_paths, minmay_temple_entry_water_ring, uniq_ijyb,
          uniq_eustachio
D:6:      layout_basic, mainiacjoe_overflow_six_doors_small
D:7:      gammafunk_wand_slinger, layout_loops_ring, gammafunk_ghost_hive,
          minmay_misc_feat_five
D:8:      layout_loops_ring, okawaru_gym_becter, uniq_maurice
D:9:      layout_loops_ring, mainiacjoe_overflow_alcove_1, lemuel_round_altar,
          amethyst_overflow_temple_binary
D:10:     layout_roguey, serial_shops, nicolae_shop_hallway_stairs,
          enter_bailey_2
D:11:     layout_stronghold, lair_entry_dummy, doesnt_xom_only_xom, uniq_erolcha
D:12:     layout_irregular_city, orc_0_dummy, serial_shops,
          nicolae_diamond_shop, nicolae_stop_n_shop_2
Lair:1:   layout_regular_city, infiniplex_staircase_pool
Lair:2:   layout_long_grid, serial_bayou_shore_b, uniq_harold
Lair:3:   layout_roguey, minmay_shoals_entry_centaurs,
          spider_nest_entry_funnel_web, grunt_megastairs_1, uniq_nergalle,
          uniq_amaemon
Lair:4:   dreamdust_isle_of_ice, layout_misc_corridors, slime_entry_1,
          uniq_rupert, uniq_kirke

Skill      XL: |  1  2  3  4  5  6  7  8  9 10 11 12 13 |
---------------+----------------------------------------+-----
Spellcasting   | 3 4 6 8 10 | 10.5
Summonings     | 5 6 7 8 10 11 12 | 12.0
Hexes          | 3 |  3.0
Air Magic      | 3 |  3.0
Fighting       | 6 9 11 | 11.8
Dodging        | 6 10 12 | 12.0
Stealth        | |  2.6

Action                     |  1- 3 |  4- 6 |  7- 9 | 10-12 | 13-15 || total
---------------------------+-------+-------+-------+-------+-------++-------
  Melee: Unarmed           |    53 |    57 |    24 |    24 |    11 ||   169
         Constrict         |    14 |    22 |     8 |     6 |     5 ||    55
         Tentacles         |    13 |    12 |     6 |    11 |     4 ||    46
         Punch             |     1 |     2 |       |       |       ||     3
   Cast: Summon Small Mamm |    32 |    34 |    40 |    86 |    37 ||   229
         Call Canine Famil |     7 |    21 |    30 |    46 |    21 ||   125
         Call Imp          |     3 |    16 |    25 |    47 |    20 ||   111
         Summon Lightning  |       |       |     8 |    50 |    26 ||    84
         Summon Guardian G |       |       |     7 |    58 |    31 ||    96
 Invoke: Call Merchant     |       |       |       |     3 |       ||     3
  Evoke: Wand              |       |       |       |       |     3 ||     3
    Use: Scroll            |       |     9 |     3 |     4 |     9 ||    25
   Stab: Sleeping          |     2 |     2 |     1 |       |       ||     5
         Distracted        |       |     1 |       |       |       ||     1
 Armour: Skin              |     6 |     4 |     3 |    13 |    11 ||    37
  Dodge: Dodged            |    46 |    46 |    32 |    73 |    34 ||   231
  Block: Other             |       |       |     4 |    23 |     6 ||    33
         Reflection        |       |       |       |    17 |     1 ||    18

Table legend: (Time is in decaauts)
 A = Elapsed time spent in this place.
 B = Non-inter-level travel time spent in this place.
 C = Inter-level travel time spent in this place.
 D = Time resting spent in this place.
 E = Time spent auto-exploring this place.
 F = Levels seen in this place.
 G = Mean time per level.
                   A        B        C        D        E       F      G
               +--------+--------+--------+--------+--------+-----+--------+
         Total |  20978 |  20296 |    682 |   2604 |  13816 |  18 | 1165.4 |
       Dungeon |  13403 |  12907 |    496 |   1330 |   9341 |  12 | 1116.9 |
          Lair |   6188 |   6002 |    186 |   1274 |   3492 |   4 | 1547.0 |
         Sewer |    725 |    725 |      0 |      0 |    494 |   1 |  725.0 |
        Bailey |    660 |    660 |      0 |      0 |    489 |   1 |  660.0 |
               +--------+--------+--------+--------+--------+-----+--------+

Top non-repeatable levels by time:
    D:11: 2482 daAuts
  Lair:3: 2388 daAuts
  Lair:2: 1661 daAuts
  Lair:1: 1580 daAuts
     D:8: 1331 daAuts
     D:9: 1276 daAuts
     D:3: 1224 daAuts
     D:2: 1200 daAuts
     D:5: 1057 daAuts
     D:7: 1029 daAuts
     D:4: 1027 daAuts
    D:12: 925 daAuts
     D:1: 846 daAuts
    D:10: 831 daAuts
   Sewer: 725 daAuts
